 Dungeon Crawl Stone Soup version 0.30-a0-177-g1cb5dbfd7a (webtiles) character file.

Game seed: 7820633836541738349

4 KennySheep the Trooper (level 1, 24/24 HPs)
             Began as an Ogre Monk on Oct 3, 2022.
             Was the Champion of Ignis.
             Got out of the dungeon alive.
             The game lasted 00:00:48 (212 turns).

KennySheep the Trooper (Ogre Monk)                   Turns: 212, Time: 00:00:48

Health: 24/24      AC:  3    Str: 14    XL:     1   Next: 60%
Magic:  1/1        EV: 10    Int: 11    God:    Ignis [******]
Gold:   0          SH:  0    Dex: 11    Spells: 0/0 levels left

rFire   + . .      SeeInvis .    a - +0 mace
rCold   . . .      Faith    .    (no shield)
rNeg    . . .      Spirit   .    b - +0 robe
rPois   .          Reflect  .    (helmet restricted)
rElec   .          Harm     .    (no cloak)
rCorr   .          Rampage  .    (gloves unavailable)
Will    .....                    (boots unavailable)
Stlth   ++........               (no amulet)
HPRegen 0.24/turn                (no ring)
MPRegen 0.07/turn                (no ring)

@: no status effects
A: large, unfitting armour, tough skin 1
a: Renounce Religion, Fiery Armour, Foxfire Swarm, Rising Flame


You escaped.
You worshipped Ignis.
Ignis was exalted by your worship.
You visited 1 branch of the dungeon, and saw 1 of its levels.

Inventory:

Hand Weapons
 a - a +0 mace (weapon)
Armour
 b - a +0 robe (worn)
Potions
 c - a potion of ambrosia
 d - a potion of flight {unknown}
 e - a potion of berserk rage {unknown}
 f - a potion of invisibility {unknown}


   Skills:
 + Level 4.1 Fighting
 * Level 2.8 Maces & Flails
 + Level 0.2 Throwing
 + Level 2.7 Dodging
 - Level 1.4 Stealth


You couldn't memorise any spells.
You didn't know any spells.
Your spell library was empty.

Dungeon Overview and Level Annotations

Branches:
Dungeon (1/15)

Altars:
Ignis


Innate Abilities, Weirdness & Mutations

You are too large for most types of armour.
You have tough skin. (AC +1)


Message History

You see here a ruby potion.
Found a faded altar of an unknown god.
The hobgoblin barely misses you.
A rat comes into view.
You barely miss the hobgoblin. The hobgoblin hits you.
The hobgoblin attacks as you move away!
The hobgoblin hits you but does no damage.
There is a faded altar of an unknown god here.
This altar belongs to (a) Yredelemnul, (b) Ignis or (c) Okawaru, but you can't tell which.
Press the corresponding letter to learn more about a god, or press enter to convert or escape to cancel.
Ignis accepts your prayer! Ignis welcomes you!
You can now rocket upward and away.
The hobgoblin misses you.
You hit the hobgoblin.
The hobgoblin is moderately wounded.
The hobgoblin hits you but does no damage.
You hit the hobgoblin. Your punch misses the hobgoblin.
The hobgoblin is almost dead.
The hobgoblin hits you.
You closely miss the hobgoblin.
The hobgoblin is almost dead.
The hobgoblin barely misses you.
The rat bites the plant.
The plant begins to die.
The hobgoblin hits you.
You hit the hobgoblin.
You kill the hobgoblin!
The rat misses you.
You sock the rat!
You kill the rat!
No target in view!
A nearby plant withers and dies.
f - a ruby potion No target in view!
You completely miss the ball python. The ball python barely misses you.
You hit the ball python but do no damage.
The ball python barely misses you. x2
You sock the ball python!
You kill the ball python!
No target in view!
There is a staircase leading out of the dungeon here.
Are you sure you want to leave the Dungeon?
This will make you lose the game!
You have escaped!

#..#..###
#..##....#
#.. ##...#
#.# #...#
#.# ##.##
#..#
##..###
#..##.....#
#........##
##..@....#
##...####
#####


There were no monsters in sight!

Vanquished Creatures
  A ball python (D:1)
  A hobgoblin (D:1)
  A frilled lizard (D:1)
  A rat (D:1)
4 creatures vanquished.

Vanquished Creatures (others)
  A plant (D:1)
1 creature vanquished.

Grand Total: 5 creatures vanquished

Notes
Turn   | Place    | Note
-------+----------+-------------------------------------------
     0 | D:1      | KennySheep the Ogre Monk began the quest for the Orb.
     0 | D:1      | Reached XP level 1. HP: 24/24 MP: 1/1
   120 | D:1      | Found a faded altar of an unknown god.
   125 | D:1      | Prayed at the altar of an unknown god.
   125 | D:1      | Became a worshipper of Ignis, the Dying Flame
   125 | D:1      | Reached ****** piety under Ignis
   212 | D:$      | Got out of the dungeon alive.

Illustrated notes

Levels and vault maps discovered:
D:1:      dpeg_arrival_round_c, layout_basic,
          shapermc_ecumenical_altar_mp_ritualfount

Action                   || total
-------------------------++-------
Melee: Mace              ||    16
Armor: Robe              ||     2
Dodge: Dodged            ||    13

Table legend: (Time is in decaauts)
 A = Elapsed time spent in this place.
 B = Non-inter-level travel time spent in this place.
 C = Inter-level travel time spent in this place.
 D = Time resting spent in this place.
 E = Time spent auto-exploring this place.
 F = Levels seen in this place.
 G = Mean time per level.
                   A        B        C        D        E       F      G
               +--------+--------+--------+--------+--------+-----+--------+
         Total |    216 |    178 |     38 |      0 |    118 |   1 |  216.0 |
       Dungeon |    216 |    178 |     38 |      0 |    118 |   1 |  216.0 |
               +--------+--------+--------+--------+--------+-----+--------+

Top non-repeatable levels by time:
     D:1: 216 daAuts
